 Dungeon Crawl Stone Soup version 0.32-a0-876-gcfddb08e57 (webtiles) character file.

Game seed: 16792856396297092102

564 Skryme the Ruffian (level 7, -2/78 HPs)
             Began as a Gnoll Shapeshifter on Apr 1, 2024.
             Was a Follower of Ru.
             Slain by an orc
             ... wielding a +0 club
              (3 damage)
             ... on level 5 of the Dungeon.
             The game lasted 00:05:35 (3949 turns).

Skryme the Ruffian (Gnoll Shapeshifter)             Turns: 3949, Time: 00:05:36

Health: -2/78      AC: 23    Str: 15    XL:     7   Next: 32%
Magic:  10/10      EV:  2    Int:  9    God:    Ru [*.....]
Gold:   256        SH:  0    Dex: 12    Spells: 9/11 levels left

rFire   . .          .
                       - Unarmed
rCold   . . .        (no shield)
rNeg    . . .        a - melded +0 animal skin
rPois   +            (helmet currently unavailable)
rElec   .            f - melded +0 cloak
rCorr   +            E - melded +0 pair of gloves
SInv    .            (boots currently unavailable)
Will    .....        (no amulet)
Stlth   ++           w - ring of resist corrosion
HPRegen 0.33/turn    (no ring)
MPRegen 0.12/turn

%: no passive effects
@: tree-form
A: stationary, stasis, torment immunity, boosted hp, (fangs 1), weak-willed 1,
strong nose, distributed training
a: Renounce Religion


You were on level 5 of the Dungeon.
You worshipped Ru.
Ru was aware of your devotion.
You were a tree.
You visited 1 branch of the dungeon, and saw 5 of its levels.

You collected 256 gold pieces.

Inventory:

Hand Weapons
 h - a +0 sling
 q - a +1 dagger of protection
 C - a +0 short sword of venom
Missiles
 j - 6 poisoned darts (quivered)
 v - 5 boomerangs
Armour
 a - a +0 animal skin (melded)
 f - a +0 cloak (melded)
 g - a +0 ring mail
 n - the +0 leather armour of the Comet {Int+2}
   (You found it on level 2 of the Dungeon)

   Int+2:     It affects your intelligence (+2).
 y - a +0 plate armour
 z - a +0 ring mail of cold resistance
 D - a +1 robe of willpower
 E - a +0 pair of gloves (melded)
Jewellery
 w - a ring of resist corrosion (left branch)
Talismans
 c - a beast talisman
 d - a flux talisman (active)
Wands
 s - a wand of polymorph (8)
 A - a wand of flame (8)
Scrolls
 i - a scroll of noise {unknown}
 k - 4 scrolls of identify
 l - 2 scrolls of vulnerability {unknown}
 p - 2 scrolls of fog {unknown}
 t - a scroll of torment {unknown}
 x - 2 scrolls of teleportation {unknown}
 B - a scroll of blinking {unknown}
Potions
 e - 2 potions of attraction {unknown}
 m - a potion of mutation {unknown}
 o - a potion of curing {unknown}
 u - 3 potions of haste {unknown}


   Skills:
 + Level 3.6 Fighting
 + Level 2.5 Short Blades
 + Level 2.5 Long Blades
 + Level 2.5 Axes
 + Level 2.5 Maces & Flails
 + Level 2.5 Polearms
 + Level 2.5 Staves
 + Level 2.5 Ranged Weapons
 + Level 2.5 Throwing
 + Level 2.5 Armour
 + Level 5.2 Dodging
 + Level 2.5 Stealth
 + Level 2.5 Shields
 + Level 7.0 Unarmed Combat
 + Level 2.5 Spellcasting
 + Level 2.0 Conjurations
 + Level 2.0 Hexes
 + Level 2.0 Summonings
 + Level 2.0 Necromancy
 + Level 2.0 Translocations
 + Level 2.0 Fire Magic
 + Level 2.0 Ice Magic
 + Level 2.0 Air Magic
 + Level 2.0 Earth Magic
 + Level 2.0 Alchemy
 + Level 2.8 Invocations
 + Level 2.5 Evocations
 + Level 6.9 Shapeshifting


You had 9 spell levels left.
You knew the following spells:

 Your Spells              Type           Power      Damage    Failure   Level
a - Blink                 Tloc           8%         N/A       21%         2

Your spell library contained the following spells:

 Spells                   Type           Power      Damage    Failure   Level
 Lesser Beckoning         Tloc           8%         N/A       21%         2
 Momentum Strike          Conj/Tloc      8%         3d8       21%         2


Dungeon Overview and Level Annotations

Branches:
Dungeon (5/15)
 Temple: D:4-7

Altars:
Fedhas
Makhleb
Ru
Uskayaw

Shops:
D:4 [


Innate Abilities, Weirdness & Mutations

You are a tree.
Your roots penetrate the ground, keeping you stationary.
You cannot be teleported.
You are immune to unholy pain and torment.
Your maximum health is greatly increased.
Your equipment is partially melded.
((You have very sharp teeth.))
You are slightly weak-willed. (Will-)
Your uncanny sense of smell can sniff out nearby items.
Your experience applies equally to all skills.


Message History

The orc shouts!
An orc priest comes into view. It is wielding a +0 short sword.
An orc comes into view. It is wielding a +0 club.
The orc shouts!
An orc comes into view. It is wielding a +0 trident.
The orc moves out of view.
The orc priest mumbles some strange prayers to Beogh against you.
Beogh smites you! The orc misses you.
You hit the orc but do no damage.
The orc begins to glow.
An iguana comes into view.
You hit the orc but do no damage.
The orc glows dangerously bright.
You bite the orc.
The orc is lightly wounded.
The orc completely misses you.
You hit the orc.
The orc shudders as magic cascades through it!
You kill the orc!
You hit the orc but do no damage.
The orc begins to glow.
You bite the orc, but do no damage.
You hear the slow rusting of a drain nearby.
The orc misses you.
You barely miss the orc. You bite the orc, but do no damage.
The orc hits you from afar with a +0 trident!
* * * LOW HITPOINT WARNING * * *
The orc priest mumbles some strange prayers to Beogh against you.
Beogh smites you!
* * * LOW HITPOINT WARNING * * *
The orc closely misses you.
Your transformation has ended.
Your +0 animal skin unmelds from your body.
You turn into a tree.
Your +0 cloak melds into your body.
Your +0 pair of gloves melds into your body.
Your +0 animal skin melds into your body.
Your roots penetrate the ground.
The orc hits you from afar with a +0 trident.
* * * LOW HITPOINT WARNING * * *
The orc hits you with a +0 club.
You die...
Ru respects your ultimate sacrifice.

,,,,,,,,,,,,,,*,,,,,,****,**
..#############.,,,,,,,,,,,*
..........#####.,,,,,,,,.,,*
.########.#####.,,,,,,∆..,,*
.########.#####.,,,,,,...,,*
.########.#####.,,,,,....,,*
#.........#####.,,,,.....,,*
#.#################l.....,,*
#.#####[........♣ooo.....,,*
#.#...#.############.....,,*
#.#.....######## **.....,,*
#.#.....########***...,*#***
#.##...##......#*,..*###*******
#..............##.#,....,,,,,,*
#.....###.........#,....,,,,,,*
......###......####.....,,,,,,*
......# #.....))..#.....,,,,,,*


You could see an iguana, an orc priest and 2 orcs.

Vanquished Creatures
  An ogre (D:4)
  3 orc priests (D:3)
  2 iguanas
  Terence (D:3)
  3 orc wizards
  Natasha (thrice) (D:3)
  9 adders
  3 dart slugs
  17 orcs
  7 endoplasms
  3 giant cockroaches (D:2)
  6 goblins
  A hobgoblin (D:1)
  2 jackals (D:4)
  3 kobolds
  A quokka (D:1)
  8 ball pythons
  5 bats
  3 frilled lizards
  6 rats
87 creatures vanquished.

Notes
Turn   | Place    | Note
-------+----------+-------------------------------------------
     0 | D:1      | Skryme the Gnoll Shapeshifter began the quest for the Orb.
     0 | D:1      | Reached XP level 1. HP: 17/17 MP: 1/1
   358 | D:1      | Reached XP level 2. HP: 18/23 MP: 2/2
  1040 | D:2      | Reached XP level 3. HP: 26/28 MP: 3/3
  1055 | D:2      | Reached skill level 1 in Invocations
  1110 | D:2      | Reached skill level 1 in Short Blades
  1110 | D:2      | Reached skill level 1 in Long Blades
  1110 | D:2      | Reached skill level 1 in Axes
  1110 | D:2      | Reached skill level 1 in Maces & Flails
  1110 | D:2      | Reached skill level 1 in Polearms
  1110 | D:2      | Reached skill level 1 in Staves
  1110 | D:2      | Reached skill level 1 in Ranged Weapons
  1110 | D:2      | Reached skill level 1 in Throwing
  1110 | D:2      | Reached skill level 1 in Armour
  1110 | D:2      | Reached skill level 1 in Stealth
  1110 | D:2      | Reached skill level 1 in Shields
  1110 | D:2      | Reached skill level 1 in Spellcasting
  1110 | D:2      | Reached skill level 1 in Evocations
  1154 | D:2      | Reached XP level 4. HP: 10/34 MP: 5/5
  1289 | D:2      | Identified the +0 leather armour of the Comet {Int+2}
  1678 | D:2      | Found a burning altar of Makhleb.
  1893 | D:2      | Reached skill level 1 in Conjurations
  1893 | D:2      | Reached skill level 1 in Hexes
  1893 | D:2      | Reached skill level 1 in Summonings
  1893 | D:2      | Reached skill level 1 in Necromancy
  1893 | D:2      | Reached skill level 1 in Translocations
  1893 | D:2      | Reached skill level 1 in Fire Magic
  1893 | D:2      | Reached skill level 1 in Ice Magic
  1893 | D:2      | Reached skill level 1 in Air Magic
  1893 | D:2      | Reached skill level 1 in Earth Magic
  1893 | D:2      | Reached skill level 1 in Alchemy
  2005 | D:3      | Reached XP level 5. HP: 20/40 MP: 5/7
  2172 | D:3      | Noticed Terence
  2185 | D:3      | Killed Terence
  2295 | D:3      | Found a sacrificial altar of Ru.
  2300 | D:3      | Reached XP level 6. HP: 37/47 MP: 8/8
  2314 | D:3      | Became a worshipper of Ru the Awakened
  2426 | D:3      | Found a faded altar of an unknown god.
  2456 | D:3      | Noticed Natasha
  2467 | D:3      | Killed Natasha
  2468 | D:3      | Reached skill level 5 in Dodging
  2538 | D:3      | Learned a level 2 spell: Blink
  2581 | D:3      | Found a hide-covered altar of Uskayaw.
  2780 | D:3      | Noticed Natasha
  2794 | D:3      | Killed Natasha
  2838 | D:3      | Noticed Natasha
  2844 | D:3      | Killed Natasha
  3044 | D:4      | Found Zonac's Armour Shop.
  3265 | D:4      | Found a blossoming altar of Fedhas.
  3558 | D:4      | Gained mutation: You are slightly weak-willed. (Will-) [Ru
                  | sacrifice]
  3558 | D:4      | Reached * piety under Ru
  3782 | D:4      | Reached skill level 7 in Unarmed Combat
  3782 | D:4      | Reached XP level 7. HP: 51/52 MP: 10/10
  3843 | D:5      | Entered Level 5 of the Dungeon
  3949 | D:5      | HP: 1/78 [orc/+0 trident (6)]
  3949 | D:5      | Slain by an orc

Illustrated notes

Levels and vault maps discovered:
D:1:      evilmike_arrival_crescent, layout_loops_corners,
          minmay_misc_feat_columns, nicolae_the_louvre
D:2:      layout_basic, basic_altar
D:3:      layout_rooms, nicolae_ru_great_annihilating_truth,
          nicolae_uskayaw_murder_on_the_dancefloor,
          shapermc_ecumenical_altar_notcrosses, st_stairs_8,
          corexii_corridor_pit, uniq_terence, uniq_natasha
D:4:      layout_gridville, mainiacjoe_overflow_concentric_impassable,
          serial_shops, shop, minivault_5
D:5:      layout_basic, mainiacjoe_overflow_brackets, gup_sewer_entry_bowl,
          minmay_crossroads, uniq_blork_the_orc, uniq_grinder

Skill      XL: |  1  2  3  4  5  6 |
---------------+-------------------+-----
Invocations    | 1 2 |  2.8
Short Blades   | 1 2 |  2.5
Long Blades    | 1 2 |  2.5
Axes           | 1 2 |  2.5
Maces & Flails | 1 2 |  2.5
Polearms       | 1 2 |  2.5
Staves         | 1 2 |  2.5
Ranged Weapons | 1 2 |  2.5
Throwing       | 1 2 |  2.5
Armour         | 1 2 |  2.5
Stealth        | 1 2 |  2.5
Shields        | 1 2 |  2.5
Spellcasting   | 1 2 |  2.5
Evocations     | 1 2 |  2.5
Conjurations   | 1 2 |  2.0
Hexes          | 1 2 |  2.0
Summonings     | 1 2 |  2.0
Necromancy     | 1 2 |  2.0
Translocations | 1 2 |  2.0
Fire Magic     | 1 2 |  2.0
Ice Magic      | 1 2 |  2.0
Air Magic      | 1 2 |  2.0
Earth Magic    | 1 2 |  2.0
Alchemy        | 1 2 |  2.0
Fighting       | 3 |  3.6
Dodging        | 5 |  5.2
Unarmed Combat | 7 |  7.0
Shapeshifting  | |  6.9

Action                     |  1- 3 |  4- 6 |  7- 9 || total
---------------------------+-------+-------+-------++-------
  Melee: Unarmed           |    68 |   187 |    28 ||   283
         Bite              |     6 |    23 |     7 ||    36
 Invoke: Sacrifice Essence |       |     1 |       ||     1
    Use: Scroll            |       |       |     2 ||     2
         Potion            |       |       |     1 ||     1
 Armour: Skin              |    18 |    70 |    11 ||    99
  Dodge: Dodged            |    61 |   144 |    21 ||   226
   Form: Flux              |     1 |       |       ||     1

Table legend: (Time is in decaauts)
 A = Elapsed time spent in this place.
 B = Non-inter-level travel time spent in this place.
 C = Inter-level travel time spent in this place.
 D = Time resting spent in this place.
 E = Time spent auto-exploring this place.
 F = Levels seen in this place.
 G = Mean time per level.
                   A        B        C        D        E       F      G
               +--------+--------+--------+--------+--------+-----+--------+
         Total |   3917 |   3817 |    100 |    288 |   2885 |   5 |  783.4 |
       Dungeon |   3917 |   3817 |    100 |    288 |   2885 |   5 |  783.4 |
               +--------+--------+--------+--------+--------+-----+--------+

Top non-repeatable levels by time:
     D:1: 1029 daAuts
     D:3: 964 daAuts
     D:2: 951 daAuts
     D:4: 870 daAuts
     D:5: 102 daAuts
